| TOP OF THE 1ST |
|
Springfield Cardinals batting - Pitching for Mississippi Braves : RHP Nate Davis
|
|
Pitching: RHP Nate Davis
|
|
|
Batting: RHB John Parra
|
0-0: Ball 1-0: SINGLE (Flyball, 56D, EV 96.3 MPH)
|
|
Batting: LHB Robert Rauda
|
0-0: Called Strike 0-1: Ball 1-1: Ball 2-1: Foul Ball, location: 2F 2-2: Foul Ball, location: 2F 2-2: Foul Ball, location: 2F 2-2: Fielders Choice at 2nd, 4-6 (Groundball, 34D, EV 111.3 MPH)
|
|
Batting: RHB Josh Lyon
|
0-0: Ball Robert Rauda steals 2nd, throwing error, E2 Robert Rauda to third 1-0: Swinging Strike 1-1: Ball 2-1: Foul Ball, location: 2F 2-2: Ground out U3 (Groundball, 3, EV 95.0 MPH)
|
|
Batting: LHB Chris Raymond
|
0-0: Fly out, F7 (Flyball, 78M, EV 86.3 MPH)
|
| Top of the 1st over - 0 runs, 1 hit, 1 error, 1 left on base; Springfield 0 - Mississippi 0 |
| BOTTOM OF THE 1ST |
|
Mississippi Braves batting - Pitching for Springfield Cardinals : LHP Nate Crow
|
|
Pitching: LHP Nate Crow
|
|
|
Batting: RHB Angel Guzman
|
0-0: Ball 1-0: Ball 2-0: Called Strike 2-1: SINGLE (Groundball, 56D, EV 93.8 MPH) (infield hit)
|
|
Batting: RHB Zachary Sidney
|
0-0: Foul Ball, location: 2F 0-1: Foul Ball, location: 2F 0-2: SINGLE (Groundball, 4MD, EV 104.4 MPH) Angel Guzman to second
|
|
Batting: RHB Tim Nettles
|
0-0: Fly out, F7 (Flyball, 7D, EV 102.5 MPH) Runner from 2nd tags up, SAFE at 3rd, no throw by LF
|
|
Batting: RHB Zach Thomason
|
0-0: Called Strike 0-1: Swinging Strike 0-2: Strikes out swinging
|
|
Batting: LHB Raul Guarjardo
|
0-0: Ball 1-0: Ball 2-0: Foul Ball, location: 2F 2-1: SINGLE (Groundball, 34S, EV 68.1 MPH) (infield hit) Angel Guzman scores Zachary Sidney to second
|
|
Batting: LHB Rodolfo Cano
|
0-0: Called Strike 0-1: SINGLE (Flyball, 3D, EV 95.0 MPH) Zachary Sidney to third Raul Guarjardo to second
|
|
Batting: SHB Paul Karlovich
|
0-0: Ball 1-0: Ball 2-0: Called Strike 2-1: Ball 3-1: Called Strike 3-2: Base on Balls Zachary Sidney scores Raul Guarjardo to third Rodolfo Cano to second
|
|
Batting: RHB Bobby Lavole
|
0-0: GRAND SLAM HOME RUN (Flyball, 78XD, EV 101.3 MPH), Distance : 402 ft
|
|
Batting: LHB Jon Burgos
|
0-0: Called Strike 0-1: Swinging Strike 0-2: Strikes out swinging
|
| Bottom of the 1st over - 6 runs, 5 hits, 0 errors, 0 left on base; Springfield 0 - Mississippi 6 |
| TOP OF THE 2ND |
|
Springfield Cardinals batting - Pitching for Mississippi Braves : RHP Nate Davis
|
|
Batting: LHB Yeong-hun Joe
|
0-0: Swinging Strike 0-1: Ball 1-1: Swinging Strike 1-2: Ball 2-2: Foul Ball, location: 2F 2-2: Strikes out looking
|
|
Batting: RHB Dan Boykins
|
0-0: Ball 1-0: Ball 2-0: SOLO HOME RUN (Flyball, 9LD, EV 93.1 MPH), Distance : 355 ft
|
|
Batting: RHB Javier Ochoa
|
0-0: Called Strike 0-1: Ball 1-1: Called Strike 1-2: Foul Ball, location: 2F 1-2: Ball 2-2: DOUBLE (Line Drive, 7LM, EV 89.4 MPH)
|
|
Batting: SHB Josh Conner
|
0-0: Ball 1-0: Ball 2-0: Called Strike 2-1: Ground out U3 (Groundball, 3, EV 91.9 MPH) Javier Ochoa to third
|
|
Batting: RHB Chris Simmons
|
0-0: Ball 1-0: Ball 2-0: Called Strike 2-1: Ground out 4-3 (Groundball, 4S, EV 77.5 MPH)
|
| Top of the 2nd over - 1 run, 2 hits, 0 errors, 1 left on base; Springfield 1 - Mississippi 6 |
| BOTTOM OF THE 2ND |
|
Mississippi Braves batting - Pitching for Springfield Cardinals : LHP Nate Crow
|
|
Batting: RHB Angel Guzman
|
0-0: Ball 1-0: Ball 2-0: Called Strike 2-1: Ball 3-1: Ground out 5-3 (Groundball, 56, EV 88.1 MPH)
|
|
Batting: RHB Zachary Sidney
|
0-0: Ball 1-0: Ball 2-0: Ball 3-0: Called Strike 3-1: Called Strike 3-2: Fly out, F3 (Line Drive, 3, EV 66.9 MPH)
|
|
Batting: RHB Tim Nettles
|
0-0: Called Strike 0-1: Ground out 4-3 (Groundball, 4, EV 104.4 MPH)
|
| Bottom of the 2nd over - 0 runs, 0 hits, 0 errors, 0 left on base; Springfield 1 - Mississippi 6 |
| TOP OF THE 3RD |
|
Springfield Cardinals batting - Pitching for Mississippi Braves : RHP Nate Davis
|
|
Batting: RHB John Parra
|
0-0: Called Strike 0-1: Ball 1-1: Foul Ball, location: 2F 1-2: Strikes out swinging wild pitch, reaches first!
|
|
Batting: LHB Robert Rauda
|
0-0: Called Strike 0-1: Fly out, F8 (Flyball, 8LXD, EV 103.8 MPH)
|
|
Batting: RHB Josh Lyon
|
Balk! John Parra to second 0-0: Ball 1-0: Reached on error, E5 (Groundball, 56, EV 88.1 MPH) John Parra to third
|
|
Batting: LHB Chris Raymond
|
0-0: Foul Ball, location: 2F 0-1: Ball 1-1: Foul Ball, location: 2F 1-2: SINGLE (Groundball, 4, EV 98.8 MPH) John Parra scores Josh Lyon to second Runner from 2nd tries for 3rd, SAFE, throw by RF made to third
|
|
Batting: LHB Yeong-hun Joe
|
0-0: Called Strike 0-1: Ball 1-1: Fielders Choice at 2nd, 3-6 (Groundball, 34S, EV 89.4 MPH) Josh Lyon scores
|
|
Batting: RHB Dan Boykins
|
0-0: Ball 1-0: Called Strike 1-1: Ball 2-1: Foul Ball, location: 2F 2-2: Ball 3-2: Foul Ball, location: 2F 3-2: Foul Ball, location: 2F 3-2: Foul Ball, location: 2F 3-2: Base on Balls Yeong-hun Joe to second
|
|
Batting: RHB Javier Ochoa
|
0-0: Called Strike 0-1: Ball 1-1: Foul Ball, location: 2F 1-2: Strikes out swinging
|
| Top of the 3rd over - 2 runs, 1 hit, 1 error, 2 left on base; Springfield 3 - Mississippi 6 |
| BOTTOM OF THE 3RD |
|
Mississippi Braves batting - Pitching for Springfield Cardinals : LHP Nate Crow
|
|
Batting: RHB Zach Thomason
|
0-0: Called Strike 0-1: Swinging Strike 0-2: Strikes out swinging
|
|
Batting: LHB Raul Guarjardo
|
0-0: Fly out, F7 (Flyball, 78S, EV 88.8 MPH)
|
|
Batting: LHB Rodolfo Cano
|
0-0: Called Strike 0-1: Called Strike 0-2: Ball 1-2: Foul Ball, location: 2F 1-2: Ball 2-2: Foul Ball, location: 2F 2-2: Ball 3-2: Ground out U3 (Groundball, 3S, EV 80.6 MPH)
|
| Bottom of the 3rd over - 0 runs, 0 hits, 0 errors, 0 left on base; Springfield 3 - Mississippi 6 |
| TOP OF THE 4TH |
|
Springfield Cardinals batting - Pitching for Mississippi Braves : RHP Nate Davis
|
|
Batting: SHB Josh Conner
|
0-0: Ball 1-0: Ball 2-0: Ball 3-0: Base on Balls
|
|
Batting: RHB Chris Simmons
|
0-0: Called Strike 0-1: Ball 1-1: 2-RUN HOME RUN (Flyball, 7LD, EV 91.3 MPH), Distance : 350 ft
|
|
Pitching: LHP Benjamin Pater
|
|
|
Batting: RHB John Parra
|
0-0: Ball 1-0: Swinging Strike 1-1: Ball 2-1: Ground out 5-3 (Groundball, 56, EV 104.4 MPH)
|
|
Batting: LHB Robert Rauda
|
0-0: Ball 1-0: Swinging Strike 1-1: Ball 2-1: Foul Ball, location: 2F 2-2: Ball 3-2: Foul Ball, location: 2F 3-2: Ground out U3 (Groundball, 3, EV 81.9 MPH)
|
|
Batting: RHB Josh Lyon
|
0-0: Ball 1-0: Ball 2-0: Swinging Strike 2-1: Foul Ball, location: 2F 2-2: SINGLE (Flyball, 3D, EV 83.8 MPH)
|
|
Batting: LHB Chris Raymond
|
0-0: Ball 1-0: Ball 2-0: Called Strike 2-1: Called Strike 2-2: Ball Wild Pitch! Josh Lyon to second 3-2: Foul Ball, location: 2F 3-2: Foul Ball, location: 2F 3-2: Foul Ball, location: 2F 3-2: Foul Ball, location: 2F 3-2: Foul Ball, location: 2F 3-2: Fly out, F7 (Line Drive, 7, EV 99.4 MPH)
|
| Top of the 4th over - 2 runs, 2 hits, 0 errors, 1 left on base; Springfield 5 - Mississippi 6 |
| BOTTOM OF THE 4TH |
|
Mississippi Braves batting - Pitching for Springfield Cardinals : LHP Nate Crow
|
|
Batting: SHB Paul Karlovich
|
0-0: Swinging Strike 0-1: Ball 1-1: Ground out 5-3 (Groundball, 56, EV 85.0 MPH)
|
|
Batting: RHB Bobby Lavole
|
0-0: Foul Ball, location: 2F 0-1: Ball 1-1: Ground out 6-3 (Groundball, 6, EV 96.3 MPH)
|
|
Batting: LHB Jon Burgos
|
0-0: Called Strike 0-1: Called Strike 0-2: Ball 1-2: Strikes out looking
|
| Bottom of the 4th over - 0 runs, 0 hits, 0 errors, 0 left on base; Springfield 5 - Mississippi 6 |
| TOP OF THE 5TH |
|
Springfield Cardinals batting - Pitching for Mississippi Braves : LHP Benjamin Pater
|
|
Batting: LHB Yeong-hun Joe
|
0-0: Called Strike 0-1: Ground out 4-3 (Groundball, 4, EV 86.3 MPH)
|
|
Batting: RHB Dan Boykins
|
0-0: Ball 1-0: DOUBLE (Flyball, 89XD, EV 113.8 MPH)
|
|
Pitching: LHP Pete Dobbs
|
|
|
Batting: RHB Javier Ochoa
|
0-0: Swinging Strike 0-1: Ball 1-1: Ground out 5-3 (Groundball, 56S, EV 66.9 MPH) Dan Boykins to third
|
|
Batting: SHB Josh Conner
|
0-0: Ground out 6-3 (Groundball, 6, EV 83.1 MPH)
|
| Top of the 5th over - 0 runs, 1 hit, 0 errors, 1 left on base; Springfield 5 - Mississippi 6 |
| BOTTOM OF THE 5TH |
|
Mississippi Braves batting - Pitching for Springfield Cardinals : LHP Nate Crow
|
|
Batting: RHB Angel Guzman
|
0-0: Ball 1-0: Called Strike 1-1: Ball 2-1: Called Strike 2-2: SINGLE (Line Drive, 8LS, EV 106.3 MPH)
|
|
Batting: RHB Zachary Sidney
|
0-0: Ball 1-0: Fly out, F3 (Line Drive, 3, EV 67.5 MPH)
|
|
Batting: RHB Tim Nettles
|
0-0: Called Strike 0-1: Ball 1-1: Foul Ball, location: 2F 1-2: Ball 2-2: Ball 3-2: Foul Ball, location: 2F 3-2: Foul Ball, location: 2F 3-2: SINGLE (Flyball, 89S, EV 85.6 MPH) Angel Guzman to second
|
|
Batting: RHB Zach Thomason
|
0-0: Foul Ball, location: 2F 0-1: Swinging Strike 0-2: Ball 1-2: Ball 2-2: Strikes out swinging
|
|
Batting: LHB Raul Guarjardo
|
0-0: Foul Ball, location: 2F 0-1: Ball 1-1: Foul Ball, location: 2F 1-2: Fly out, F7 (Line Drive, 7S, EV 103.8 MPH)
|
| Bottom of the 5th over - 0 runs, 2 hits, 0 errors, 2 left on base; Springfield 5 - Mississippi 6 |
| TOP OF THE 6TH |
|
Springfield Cardinals batting - Pitching for Mississippi Braves : LHP Pete Dobbs
|
|
Batting: RHB Chris Simmons
|
0-0: Foul Ball, location: 2F 0-1: Ball 1-1: Foul Ball, location: 2F 1-2: Strikes out swinging
|
|
Batting: RHB John Parra
|
0-0: Ball 1-0: Foul Ball, location: 2F 1-1: Ground out 6-3 (Groundball, 56, EV 93.1 MPH)
|
|
Pinch Hitting: RHB Bryan Wheeler
|
0-0: Ball 1-0: Called Strike 1-1: Called Strike 1-2: Ball 2-2: Ball 3-2: Base on Balls
|
|
Batting: RHB Josh Lyon
|
0-0: Ball 1-0: SINGLE (Groundball, 6MD, EV 97.5 MPH) Bryan Wheeler to second Runner from 2nd tries for 3rd, SAFE, throw by CF made to third
|
|
Batting: LHB Chris Raymond
|
0-0: Ball 1-0: Foul Ball, location: 5F, Error on foul ball, E5 1-1: Called Strike 1-2: Strikes out looking
|
| Top of the 6th over - 0 runs, 1 hit, 1 error, 2 left on base; Springfield 5 - Mississippi 6 |
| BOTTOM OF THE 6TH |
|
Mississippi Braves batting - Pitching for Springfield Cardinals : LHP Nate Crow
|
|
Pitching: RHP Perry Cashwell
|
|
|
Now in LF: Bryan Wheeler
|
|
|
Batting: LHB Rodolfo Cano
|
0-0: Ground out 4-3 (Groundball, 4, EV 90.0 MPH)
|
|
Batting: SHB Paul Karlovich
|
0-0: Ground out U3 (Groundball, 3, EV 86.3 MPH)
|
|
Batting: RHB Bobby Lavole
|
0-0: Swinging Strike 0-1: Ball 1-1: Called Strike 1-2: Ball 2-2: Ball 3-2: Strikes out swinging
|
| Bottom of the 6th over - 0 runs, 0 hits, 0 errors, 0 left on base; Springfield 5 - Mississippi 6 |
| TOP OF THE 7TH |
|
Springfield Cardinals batting - Pitching for Mississippi Braves : LHP Pete Dobbs
|
|
Pitching: RHP Marko Martin
|
|
|
Batting: LHB Yeong-hun Joe
|
0-0: Swinging Strike 0-1: Swinging Strike 0-2: Foul Ball, location: 2F 0-2: Strikes out swinging
|
|
Batting: RHB Dan Boykins
|
0-0: Ball 1-0: Ball 2-0: Ball 3-0: Called Strike 3-1: Fly out, F8 (Line Drive, 8LD, EV 86.3 MPH)
|
|
Batting: RHB Javier Ochoa
|
0-0: Ball 1-0: Called Strike 1-1: Ground out 6-3 (Groundball, 6, EV 86.3 MPH)
|
| Top of the 7th over - 0 runs, 0 hits, 0 errors, 0 left on base; Springfield 5 - Mississippi 6 |
| BOTTOM OF THE 7TH |
|
Mississippi Braves batting - Pitching for Springfield Cardinals : RHP Perry Cashwell
|
|
Batting: LHB Jon Burgos
|
0-0: Called Strike 0-1: Foul Ball, location: 2F 0-2: Strikes out looking
|
|
Batting: RHB Angel Guzman
|
0-0: Swinging Strike 0-1: Reached on error, E6 (Groundball, 6, EV 100.0 MPH)
|
|
Batting: RHB Zachary Sidney
|
0-0: Ball 1-0: Foul Ball, location: 2F 1-1: SINGLE (Groundball, 6MD, EV 108.1 MPH) Angel Guzman to second
|
|
Batting: RHB Tim Nettles
|
0-0: Ball 1-0: Foul Ball, location: 2F 1-1: Foul Ball, location: 2F 1-2: Ball 2-2: Ball 3-2: Fielders Choice at 2nd, 1-4 (Groundball, 15, EV 70.0 MPH) Angel Guzman to third
|
|
Batting: RHB Zach Thomason
|
0-0: Called Strike Tim Nettles steals 2nd base 0-1: Called Strike 0-2: Foul Ball, location: 2F 0-2: Ball 1-2: Ground out 4-3 (Groundball, 4MS, EV 86.3 MPH)
|
| Bottom of the 7th over - 0 runs, 1 hit, 1 error, 2 left on base; Springfield 5 - Mississippi 6 |
| TOP OF THE 8TH |
|
Springfield Cardinals batting - Pitching for Mississippi Braves : RHP Marko Martin
|
|
Pitching: RHP Danny Nerio
|
|
|
Batting: SHB Josh Conner
|
0-0: Ball 1-0: Reached on error, E6 (Groundball, 6, EV 85.0 MPH)
|
|
Batting: RHB Chris Simmons
|
0-0: SINGLE (Groundball, 25, EV 65.0 MPH) (infield hit) Josh Conner to second
|
|
Batting: RHB John Parra
|
0-0: Bunted foul 0-1: Bunted foul 0-2: Ball 1-2: Ball 2-2: Ball 3-2: Base on Balls Josh Conner to third Chris Simmons to second
|
|
Batting: RHB Bryan Wheeler
|
0-0: Foul Ball, location: 2F 0-1: Grounds into fielders choice 5-2 (Groundball, 56, EV 87.5 MPH) Chris Simmons to third John Parra to second
|
|
Batting: RHB Josh Lyon
|
0-0: Called Strike 0-1: Ball 1-1: Foul Ball, location: 2F 1-2: Ball 2-2: Ball 3-2: Foul Ball, location: 2F 3-2: Foul Ball, location: 2F 3-2: Grounds into double play, 5-2-3 (Groundball, 25, EV 81.3 MPH)
|
| Top of the 8th over - 0 runs, 1 hit, 1 error, 2 left on base; Springfield 5 - Mississippi 6 |
| BOTTOM OF THE 8TH |
|
Mississippi Braves batting - Pitching for Springfield Cardinals : RHP Perry Cashwell
|
|
Pitching: LHP Bryan Whetstine
|
|
|
Batting: LHB Raul Guarjardo
|
0-0: Ball 1-0: Ball 2-0: Called Strike 2-1: Ground out 4-3 (Groundball, 4, EV 85.6 MPH)
|
|
Batting: LHB Rodolfo Cano
|
0-0: Foul Ball, location: 2F 0-1: Ball 1-1: Ball 2-1: Fly out, F7 (Flyball, 7D, EV 109.4 MPH)
|
|
Pitching: RHP Chad Norris
|
|
|
Batting: SHB Paul Karlovich
|
0-0: Swinging Strike 0-1: Ball 1-1: Foul Ball, location: 2F 1-2: Strikes out swinging
|
| Bottom of the 8th over - 0 runs, 0 hits, 0 errors, 0 left on base; Springfield 5 - Mississippi 6 |
| TOP OF THE 9TH |
|
Springfield Cardinals batting - Pitching for Mississippi Braves : RHP Danny Nerio
|
|
Pitching: RHP Kwang-sik Kim
|
|
|
Batting: LHB Chris Raymond
|
0-0: Ball 1-0: Ground out 4-3 (Groundball, 4, EV 89.4 MPH)
|
|
Batting: LHB Yeong-hun Joe
|
0-0: Ground out 4-3 (Groundball, 4, EV 86.9 MPH)
|
|
Batting: RHB Dan Boykins
|
0-0: SINGLE (Groundball, 6MD, EV 106.3 MPH)
|
|
Batting: RHB Javier Ochoa
|
0-0: Called Strike 0-1: Ball 1-1: Foul Ball, location: 2F 1-2: Foul Ball, location: 2F 1-2: Ball 2-2: Strikes out swinging
|
| Top of the 9th over - 0 runs, 1 hit, 0 errors, 1 left on base; Springfield 5 - Mississippi 6 |
|